 Dungeon Crawl Stone Soup version 0.24.1-14-gf8d2b509d9 (webtiles) character file.

Game seed: 11877503918972724004, levelgen mode: deterministic

1795 mortelune the Changer (level 9, -1/58 HPs)
             Began as an Octopode Transmuter on May 17, 2020.
             Was a Follower of Cheibriados.
             Slain by a wight
             ... wielding a cursed +3 great sword
              (2 damage)
             ... on level 7 of the Dungeon.
             The game lasted 00:13:57 (9390 turns).

mortelune the Changer (Octopode Transmuter)         Turns: 9390, Time: 00:13:58

Health: -1/58      AC:  1    Str: 12    XL:     9   Next: 9%
Magic:  17/17      EV: 14    Int: 22    God:    Cheibriados [*.....]
Gold:   287        SH:  5    Dex: 17    Spells: 9/19 levels left

rFire    x . .     SeeInvis .     - Unarmed
rCold    + . .     Gourm    .   a - +0 buckler
rNeg     + . .     Faith    .   (helmet restricted)
rPois    .         Spirit   .   (no amulet)
rElec    .         Reflect  .   j - ring of ice
rCorr    .         Harm     .   q - +2 ring of dexterity
MR       .....                  N - ring of positive energy
Stlth    +++.......             (no ring)
HPRegen  0.19/turn              (no ring)
MPRegen  0.15/turn              (no ring)
                                (no ring)
                                (no ring)

@: about to teleport, lightly drained, very slow
A: almost no armour, stealthy swim, amphibious, 8 rings, constrict 8, camouflage
1, gelatinous body 1
a: Bend Time, Renounce Religion


You were on level 7 of the Dungeon.
You worshipped Cheibriados.
Cheibriados was aware of your devotion.
You were not hungry.

You visited 2 branches of the dungeon, and saw 8 of its levels.

You collected 287 gold pieces.

Inventory:

Missiles
 k - 105 arrows
Armour
 a - a +0 buckler (worn)
Jewellery
 j - a ring of ice (left tentacle)
 q - a +2 ring of dexterity (right tentacle)
 N - a ring of positive energy (on tentacle)
Wands
 h - a wand of iceblast (11)
 u - a wand of polymorph (10)
Scrolls
 f - 4 scrolls of remove curse
 i - a scroll of identify
 l - a scroll of magic mapping {unknown}
 m - 2 scrolls of amnesia
 n - a scroll of enchant armour
 o - 2 scrolls of enchant weapon
 t - 2 scrolls of teleportation
Potions
 b - 2 potions of lignification {unknown}
 d - a potion of mutation {unknown}
 g - a potion of invisibility {unknown}
 p - 2 potions of degeneration {unknown}
 s - a potion of brilliance {unknown}
 v - a potion of magic
 w - a potion of might {unknown}
Comestibles
 c - 10 rations


   Skills:
 + Level 4.2(3.8) Fighting
 + Level 3.5(3.1) Dodging
 - Level 4.0(3.7) Shields
 + Level 5.1(4.7) Unarmed Combat
 - Level 5.5(5.1) Spellcasting
 + Level 6.0(5.6) Transmutations
 * Level 0.8(0.4) Ice Magic


You had 9 spell levels left.
You knew the following spells:

 Your Spells              Type           Power        Failure   Level  Hunger
a - Beastly Appendage     Tmut           ####..       1%          1    None
b - Sticks to Snakes      Tmut           ####....     1%          2    None
c - Spider Form           Tmut/Pois      ###.......   10%         3    ##.....
d - Ice Form              Ice/Tmut       ####....     28%         4    ####...

Your spell library contained the following spells:

 Spells                   Type           Power        Failure   Level  Hunger
 Shock                    Conj/Air       #...         11%         1    None
 Swiftness                Chrm/Air       #.......     16%         2    None
 Blade Hands              Tmut           ####......   28%         5    #####..
 Static Discharge         Conj/Air       #.......     30%         3    ##.....
 Airstrike                Air            #.........   71%         4    ####...
 Lightning Bolt           Conj/Air       #.........   96%         5    #####..


Dungeon Overview and Level Annotations

Branches:
Dungeon (7/15)             Temple (1/1) D:4

Altars:
Ashenzari
Cheibriados
Dithmenos
Elyvilon
Fedhas
Gozag
Hepliaklqana
Kikubaaqudgha
Makhleb
Nemelex Xobeh
Qazlal
Ru
Sif Muna
Trog
Uskayaw
Vehumet
Wu Jian
Xom
Yredelemnul
Zin
The Shining One

Shops:
D:4 :

Annotations:
D:4 3 runed translucent doors, orehx's ghost, amateur SpEn


Innate Abilities, Weirdness & Mutations

You cannot wear most types of armour.
You are very stealthy in the water. (Stealth+)
You are amphibious.
You can wear up to eight rings at the same time.
You can use your tentacles to constrict eight enemies at once.
Your skin changes colour to match your surroundings (Stealth+).
Your rubbery body absorbs attacks. (AC +1, EV +1)


Message History

* * * LOW HITPOINT WARNING * * *
You climb downwards.
There is a stone staircase leading up here.
You feel better. The shadow imp gestures at you. Pain shoots through your body!
* * * LOW HITPOINT WARNING * * *
As you read the scroll of fear, it crumbles to dust.
You assume a fearsome visage.
The shadow imp is unaffected.
The wight is unaffected.
The shadow imp shouts, "Take thy face hence, thou quaking hell-hated flirt-gill!"
The shadow imp closely misses you.
As you read the scroll of teleportation, it crumbles to dust.
You feel strangely unstable. The shadow imp hits you.
* * * LOW HITPOINT WARNING * * *
You feel better.
The wight hits you with a cursed +3 great sword!
* * * LOW HITPOINT WARNING * * *
You partially resist.
You feel drained.
You die...

#.......# #......#
#......# ###<...######
#.).........#
###....####.####
##.#.# #....##
#####.#.# #.....#
........# #..@..#
#####.#.# #..z5.#
##.#.#####...#####.###
#....)....#..(........
#..#.####.....((......
#..#.# ###..#####.#..
#.####..#)## #..# #
#......)...# #..#
#####...#).#####..#


You could see a wight and a shadow imp.

Vanquished Creatures
  Pikel (D:7)
  Duvessa (D:7)
  A black bear (D:6)
  An ice beast (D:6)
  A slave (D:7)
  An ogre (D:6)
  2 centaurs
  2 bullfrogs
  Dowan (D:7)
  3 wights
  A howler monkey (D:4)
  2 crimson imps (D:6)
  2 hounds
  An orc priest (D:7)
  An iguana (D:4)
  2 worker ants (D:5)
  4 orc wizards
  7 gnolls
  4 adders
  2 oozes (D:2)
  5 worms
  4 dart slugs
  A leopard gecko (D:6)
  10 orcs (D:5)
  3 giant cockroaches
  4 goblins
  3 hobgoblins
  3 jackals (D:2)
  4 quokkas
  5 bats
  2 frilled lizards
  4 kobolds
  3 rats
  2 bushes (D:1)
93 creatures vanquished.

Vanquished Creatures (collateral kills)
  A shadow imp (D:6)
  A leopard gecko zombie (D:6)
2 creatures vanquished.

Vanquished Creatures (others)
  3 slaves (D:7)
  A bullfrog (D:7)
  An orc priest (D:7)
  An orc wizard (D:7)
  A hound skeleton (D:7)
7 creatures vanquished.

Grand Total: 102 creatures vanquished

Notes
Turn   | Place    | Note
-------+----------+-------------------------------------------
     0 | D:1      | mortelune the Octopode Transmuter began the quest for the
                  | Orb.
     0 | D:1      | Reached XP level 1. HP: 13/13 MP: 3/3
   190 | D:1      | Reached XP level 2. HP: 18/18 MP: 5/5
   303 | D:1      | Learned a level 2 spell: Sticks to Snakes
  1018 | D:2      | Reached XP level 3. HP: 22/23 MP: 3/6
  1023 | D:2      | Learned a level 3 spell: Spider Form
  2258 | D:2      | Reached XP level 4. HP: 24/28 MP: 8/8
  2661 | D:3      | Found a basalt altar of Yredelemnul.
  2712 | D:3      | Found a glowing silver altar of Zin.
  2975 | D:3      | Found an ancient bone altar of Kikubaaqudgha.
  3596 | D:4      | Found Uxoixoabo's Book Boutique.
  3602 | D:4      | Found a runed translucent gate.
  3603 | D:4      | Found a runed translucent gate.
  3606 | D:4      | Found a runed translucent gate.
  3618 | D:4      | Noticed orehx's ghost (amateur SpEn)
  3626 | D:4      | Reached skill level 3 in Transmutations
  3785 | D:4      | Reached XP level 5. HP: 34/34 MP: 5/9
  3791 | D:4      | Found a shattered altar of Ashenzari.
  4248 | D:4      | Reached XP level 6. HP: 25/39 MP: 5/11
  4468 | D:4      | Found a staircase to the Ecumenical Temple.
  4488 | D:4      | Found a blossoming altar of Fedhas.
  4885 | D:4      | Found a sacrificial altar of Ru.
  4885 | D:4      | Found a snail-covered altar of Cheibriados.
  4927 | D:5      | Entered Level 5 of the Dungeon
  5072 | Temple   | Entered the Ecumenical Temple
  5671 | D:4      | Became a worshipper of Cheibriados the Contemplative
  6103 | D:5      | Reached skill level 4 in Transmutations
  7024 | D:6      | Noticed an ice beast
  7034 | D:6      | Killed an ice beast
  7034 | D:6      | Reached skill level 1 in Shields
  7034 | D:6      | Reached XP level 7. HP: 37/45 MP: 9/13
  7331 | D:6      | Reached * piety under Cheibriados
  7828 | D:6      | Found a bloodstained altar of Trog.
  7828 | D:6      | Found a glowing golden altar of the Shining One.
  8002 | D:6      | Learned a level 4 spell: Ice Form
  8086 | D:6      | Found Sisyetemn's Weapon Shop.
  8156 | D:6      | Found a sparkling altar of Nemelex Xobeh.
  8193 | D:6      | Reached XP level 8. HP: 52/52 MP: 12/15
  8209 | D:5      | Reached skill level 5 in Transmutations
  8569 | D:6      | Noticed a wyvern
  8858 | D:7      | Noticed Pikel
  8885 | D:7      | Killed Pikel
  8885 | D:7      | Reached skill level 5 in Spellcasting
  9143 | D:7      | Noticed Duvessa
  9146 | D:7      | Noticed Dowan
  9154 | D:7      | Killed Duvessa
  9154 | D:7      | Reached skill level 5 in Unarmed Combat
  9154 | D:7      | Reached XP level 9. HP: 42/58 MP: 12/17
  9163 | D:7      | Killed Dowan
  9163 | D:7      | Reached skill level 6 in Transmutations
  9344 | D:7      | HP: 1/58 [centaur/cursed -1 shortbow (9)]
  9385 | D:6      | HP: 1/58 [centaur/arrow (8)]
  9390 | D:7      | HP: 1/58 [wight/cursed +3 great sword (12)]
  9390 | D:7      | Slain by a wight

Levels and vault maps discovered:
D:1:      dpeg_arrival_oval, layout_rooms, serial_forest,
          infiniplex_forest_end_3, infiniplex_forest_clump_tiny,
          infiniplex_forest_straight_1, infiniplex_forest_end_3,
          infiniplex_forest_zigzag_2, minmay_indecisive_spiral
D:2:      layout_basic
D:3:      layout_basic, overflow_temple_1_default, yredelemnul_altar_generic,
          nicolae_overflow_crystal_walls
D:4:      layout_loops_ring, lemuel_round_altar, kennysheep_mini_moat,
          gammafunk_temple_overflow_elements, temple_fountains, serial_shops,
          shop, gammafunk_ghost_necromancy, first_ration, minivault_27
D:5:      layout_basic
D:6:      lemuel_castle_with_subvaults [lemuel_castle_interior_carwin_1],
          layout_rooms, gammafunk_temple_overflow_wave, nemelex_altar_shiori,
          serial_shops, shop, st_stairs_7
D:7:      layout_loops_ring, serial_shops, nicolae_shop_waterfront, the_bakery,
          uniq_crazy_yiuf_cottage, uniq_pikel, uniq_duvessa
Temple:   chequers_temple_sunken

Skill      XL: |  1  2  3  4  5  6  7  8  9 |
---------------+----------------------------+-----
Spellcasting   | 3 4 5 |  5.5
Transmutations | 3 4 5 6 |  6.0
Fighting       | 2 3 4 |  4.2
Dodging        | 3 |  3.5
Shields        | 1 2 4 |  4.0
Unarmed Combat | 4 5 |  5.1
Ice Magic      | |  0.8

Action                   |  1- 3 |  4- 6 |  7- 9 || total
-------------------------+-------+-------+-------++-------
Melee: Unarmed           |   307 |   117 |   147 ||   571
       Tentacles         |    81 |    15 |     4 ||   100
       Constrict         |    17 |    17 |     6 ||    40
       Punch             |    10 |     4 |     3 ||    17
       Kick              |     5 |     2 |       ||     7
 Cast: Beastly Appendage |     3 |     4 |     1 ||     8
       Spider Form       |     1 |    11 |    13 ||    25
       Sticks to Snakes  |       |       |     5 ||     5
Invok: Bend Time         |       |       |     1 ||     1
  Use: Scroll            |       |    11 |     3 ||    14
       Potion            |       |       |     3 ||     3
 Stab: Sleeping          |     5 |     3 |     2 ||    10
  Eat: Chunk             |     5 |    12 |     3 ||    20
       Ration            |       |     1 |     1 ||     2
Armor: Skin              |     4 |     4 |     3 ||    11
Dodge: Dodged            |    48 |    90 |   125 ||   263
Block: Buckler           |       |     1 |     5 ||     6
